 Dungeon Crawl Stone Soup version 0.28-a0-980-g3664467d6e (webtiles) character file.

Game seed: 17146524261817857203

8175 GadreelV2 the Cleaver (level 11, -11/148 HPs)
             Began as a Minotaur Berserker on Dec 2, 2021.
             Was a Priest of Trog.
             Mangled by a minotaur (14 damage)
             ... in a Gauntlet.
             The game lasted 00:20:09 (12797 turns).

GadreelV2 the Cleaver (Minotaur Berserker)         Turns: 12797, Time: 00:20:11

Health: -11/148    AC: 19    Str: 33    XL:     11   Next: 6%
Magic:  10/10      EV: 14    Int:  4    God:    Trog [***...]
Gold:   491        SH:  0    Dex:  9    Spells: 10/10 levels left

rFire   . . .      SeeInvis .   F - +0 battleaxe
rCold   . . .      Faith    .   (shield currently unavailable)
rNeg    . . .      Spirit   .   G - +0 plate armour
rPois   .          Reflect  .   b - +2 hat
rElec   .          Harm     .   e - +2 cloak {Will+}
rCorr   .          Rampage  .   (no gloves)
Will    +++..      NoTele   +   (no boots)
Stlth   ..........              (no amulet)
HPRegen 1.34/turn               l - +4 ring of evasion
MPRegen 0.12/turn               q - +6 ring of strength

@: mighty, berserking, strong-willed, regenerating, invisible, very quick
A: horns 2, retaliatory headbutt
a: Renounce Religion, Berserk, Trog's Hand


You were in a Gauntlet.
You worshipped Trog.
Trog was most pleased with you.
You visited 2 branches of the dungeon, and saw 12 of its levels.
You also visited: Sewer and Gauntlet.

You collected 491 gold pieces.

Inventory:

Hand Weapons
 d - the +11 trident "Akuukivung" {drain, *Corrode rElec Int+2 Dex+3}
   (You found it on level 8 of the Dungeon)

   A truly terrible weapon, it drains the life of any living foe it strikes.
   Int:       It affects your intelligence (+2).
   Dex:       It affects your dexterity (+3).
   rElec:     It insulates you from electricity.
   *Corrode:  It may corrode you when you take damage.
 F - a +0 battleaxe (weapon)
Missiles
 a - 2 throwing nets (quivered)
Armour
 b - a +2 hat (worn)
 e - a +2 cloak of willpower (worn)
 m - a scarf of resistance
 G - a +0 plate armour (worn)
 L - the +0 hat "Mabibiesk" {Str-5 Int+5 Dex+2}
   (You found it in a Gauntlet)

   Str:       It affects your strength (-5).
   Int:       It affects your intelligence (+5).
   Dex:       It affects your dexterity (+2).
Jewellery
 l - a +4 ring of evasion (left hand)
 o - a ring of resist corrosion
 q - a +6 ring of strength (right hand)
 t - a ring of willpower
 D - a ring of poison resistance
 H - a ring of positive energy
 I - an amulet of magic regeneration
 J - an amulet of regeneration
Wands
 k - a wand of flame (18)
 y - a wand of iceblast (6)
Scrolls
 c - a scroll of magic mapping
 f - 2 scrolls of silence
 p - 2 scrolls of fear
 s - a scroll of identify
 u - 2 scrolls of summoning
 w - a scroll of enchant armour {unknown}
 x - a scroll of fog
 z - a scroll of teleportation
 C - a scroll of enchant weapon
Potions
 g - a potion of lignification {unknown}
 i - 2 potions of haste
 j - 2 potions of mutation
 n - 3 potions of invisibility
 r - a potion of cancellation {unknown}
 v - 3 potions of curing
 A - 2 potions of magic {unknown}
 B - a potion of attraction {unknown}
 E - a potion of heal wounds
Miscellaneous
 K - a phantom mirror


   Skills:
 + Level 10.0 Fighting
 * Level 13.4 Axes
 + Level 9.4 Armour
 + Level 8.7 Dodging


You had 10 spell levels left.
You didn't know any spells.
Your spell library was empty.

Dungeon Overview and Level Annotations

Branches:
Dungeon (13/15)            Temple (1/1) D:4           Sewer (visited)
Gauntlet (1/1)
   Lair: D:8-11         Orc: D:9-12      Vaults: D:13-14

Altars:
Ashenzari
Cheibriados
Dithmenos
Elyvilon
Fedhas
Hepliaklqana
Kikubaaqudgha
Makhleb
Okawaru
Qazlal
Ru
Sif Muna
Trog
Uskayaw
Vehumet
Wu Jian
Xom
Yredelemnul
Zin
The Shining One

Annotations:
Gauntlet 6 transporters, exclusion: 2 lightning spires


Innate Abilities, Weirdness & Mutations

You have a pair of horns on your head.
You reflexively headbutt those who attack you in melee.


Message History

A - 2 brown potions (gained 1) Partly explored, unvisited transporter.
There is a transporter here.
You see here a phantom mirror.
K - a phantom mirror
There is a transporter here.
You see here the +0 hat "Mabibiesk" {Str-5 Int+5 Dex+2}.
L - the +0 hat "Mabibiesk" {Str-5 Int+5 Dex+2} You feel yourself speed up.
There is a transporter here.
You enter the transporter and appear at another place.
You recover from your berserk rage.
A minotaur comes into view.
It is wielding the +7 sceptre of Torment {pain, torment}.
Your skin crawls.
You feel strong-willed.
You fade into invisibility!
You feel very mighty all of a sudden.
The minotaur throws a javelin.
The javelin pierces through you!!
A red film seems to cover your vision as you go berserk!
You feel yourself moving faster!
You feel mighty!
The minotaur throws a javelin.
The javelin pierces through you!!
You feel a strong urge to attack something.
The minotaur hits you with the +7 sceptre of Torment {pain, torment}!
You writhe in agony!
The minotaur gores you.
You closely miss the minotaur. You headbutt the minotaur!
The minotaur is lightly wounded.
The minotaur hits you with the +7 sceptre of Torment {pain, torment}!!
You writhe in agony.
* * * LOW HITPOINT WARNING * * *
The minotaur gores you but does no damage.
You hit the minotaur but do no damage.
The minotaur is lightly wounded.
You barely miss the minotaur. You headbutt the minotaur!
The minotaur is moderately wounded.
The minotaur hits you with the +7 sceptre of Torment {pain, torment}!!
* * * LOW HITPOINT WARNING * * *
You writhe in agony!
* * * LOW HITPOINT WARNING * * *
The minotaur gores you!
You die...

#.# .#.#
#.#.# ..#.#
H##.#
####.#..#
....#.##
#.######.##.#
#.....@H....#
#############


You could see a minotaur.

Vanquished Creatures
  The ghost of Zigma the Martial Artist, a novice OpTm of Hepliaklqana (D:8)
  Pikel (D:6)
  An apocalypse crab (Gauntlet)
  An unseen horror (D:13)
  A queen bee (Gauntlet)
  A troll (D:5)
  Grinder (D:6)
  A hornet (D:8)
  Prince Ribbit (D:5)
  Sigmund (D:2)
  A wraith (D:8)
  5 shadows
  4 yaks
  Eustachio (D:6)
  A steam dragon (D:7)
  3 water moccasins
  2 black bears
  Pargi (Sewer)
  A hornet zombie (D:7)
  2 orc warriors
  2 necrophages
  An ice beast (D:5)
  An ogre (D:4)
  4 centaurs
  A kobold brigand (D:8)
  A phantom (D:6)
  A lemure (D:6)
  A bullfrog (D:8)
  Blork the orc (D:5)
  2 scorpions
  A water moccasin skeleton (D:5)
  6 killer bees (Gauntlet)
  5 wights (D:8)
  3 electric eels (D:6)
  A jelly (D:7)
  2 bullfrog zombies (D:5)
  A centaur zombie (D:5)
  Crazy Yiuf (D:2)
  4 orc priests
  3 iguanas (D:5)
  Ijyb (D:5)
  A bullfrog skeleton (D:6)
  10 orc wizards
  A killer bee zombie (D:8)
  16 gnolls
  9 adders
  A river rat (D:3)
  An ufetubus (D:6)
  12 worms
  3 dart slugs
  24 orcs
  4 ball pythons
  7 endoplasms
  5 giant cockroaches
  4 goblins
  4 hobgoblins
  2 jackals (D:1)
  13 kobolds
  5 quokkas
  13 bats
  7 frilled lizards
  4 rats
220 creatures vanquished.

Vanquished Creatures (others)
  A human (D:3)
  An orc wizard (D:5)
  A fungus (D:12)
3 creatures vanquished.

Grand Total: 223 creatures vanquished

Notes
Turn   | Place    | Note
-------+----------+-------------------------------------------
     0 | D:1      | GadreelV2 the Minotaur Berserker began the quest for the
                  | Orb.
     0 | D:1      | Reached XP level 1. HP: 19/19 MP: 0/0
   379 | D:1      | Reached XP level 2. HP: 27/27 MP: 1/1
   435 | D:1      | Reached skill level 4 in Axes
  1146 | D:2      | Reached XP level 3. HP: 33/33 MP: 2/2
  1418 | D:2      | Found a faded altar of an unknown god.
  1556 | D:2      | Found a runed translucent door.
  1557 | D:2      | Noticed Crazy Yiuf
  1563 | D:2      | Killed Crazy Yiuf
  1564 | D:2      | Reached XP level 4. HP: 41/41 MP: 3/3
  1724 | D:2      | Noticed Sigmund
  1748 | D:2      | Killed Sigmund
  1749 | D:2      | Reached skill level 5 in Axes
  1749 | D:2      | Reached XP level 5. HP: 11/47 MP: 4/4
  2082 | D:2      | Reached skill level 5 in Fighting
  2421 | D:2      | Reached XP level 6. HP: 54/56 MP: 5/5
  2430 | D:2      | Reached skill level 6 in Axes
  2430 | D:2      | Reached ** piety under Trog
  2839 | D:3      | Found a glowing drain.
  2848 | Sewer    | Entered a sewer
  2993 | Sewer    | Noticed Pargi
  3006 | Sewer    | Killed Pargi
  3470 | D:3      | Reached XP level 7. HP: 61/61 MP: 6/6
  3477 | D:3      | Found a broken altar of Ashenzari.
  3764 | D:3      | Reached skill level 7 in Axes
  4290 | D:3      | Found an ancient bone altar of Kikubaaqudgha.
  4290 | D:3      | Noticed a human
  4294 | D:3      | Killed a human
  5278 | D:4      | Reached skill level 5 in Armour
  5659 | D:4      | Reached skill level 8 in Axes
  5659 | D:4      | Reached XP level 8. HP: 61/71 MP: 7/7
  5796 | D:4      | Found a staircase to the Ecumenical Temple.
  5906 | D:4      | Reached skill level 5 in Dodging
  6008 | D:4      | Found a glowing golden altar of the Shining One.
  6126 | Temple   | Entered the Ecumenical Temple
  6208 | D:5      | Entered Level 5 of the Dungeon
  6300 | D:5      | Found a blossoming altar of Fedhas.
  6654 | D:5      | Noticed Prince Ribbit
  6665 | D:5      | Reached *** piety under Trog
  6679 | D:5      | Killed Prince Ribbit
  6680 | D:5      | Reached skill level 9 in Axes
  6874 | D:5      | Noticed a troll
  6881 | D:5      | Killed a troll
  6968 | D:5      | Reached XP level 9. HP: 79/79 MP: 8/8
  7022 | D:5      | Noticed Blork the orc
  7031 | D:5      | Killed Blork the orc
  7093 | D:5      | Noticed Ijyb
  7100 | D:5      | Reached skill level 10 in Axes
  7101 | D:5      | Killed Ijyb
  7148 | D:5      | Found a burning altar of Makhleb.
  7496 | D:6      | Noticed Grinder
  7505 | D:6      | Killed Grinder
  7802 | D:6      | Noticed Pikel
  7823 | D:6      | Killed Pikel
  7824 | D:6      | Reached skill level 11 in Axes
  8413 | D:6      | Noticed Eustachio
  8429 | D:6      | Killed Eustachio
 10102 | D:7      | Found a sacrificial altar of Ru.
 10261 | D:7      | Reached XP level 10. HP: 89/90 MP: 9/9
 10318 | D:7      | Found an ornate altar of the Wu Jian Council.
 11355 | D:8      | Reached skill level 12 in Axes
 11361 | D:8      | Identified the +11 trident "Akuukivung" {drain, *Corrode
                  | rElec Int+2 Dex+3}
 11546 | D:8      | Reached **** piety under Trog
 11626 | D:8      | Found a runed translucent gate.
 11627 | D:8      | Found a runed translucent gate.
 11628 | D:8      | Found a runed translucent gate.
 11631 | D:8      | Noticed Zigma's ghost (novice OpTm)
 11828 | D:8      | Killed Zigma's ghost
 11870 | D:9      | You fall into a shaft and drop 3 floors!
 12012 | D:13     | Reached skill level 13 in Axes
 12154 | D:13     | Found a gate leading to a gauntlet.
 12159 | Gauntlet | Entered a Gauntlet
 12159 | Gauntlet | Found a transporter.
 12159 | Gauntlet | Found a transporter.
 12175 | Gauntlet | Found a transporter.
 12179 | Gauntlet | Found a transporter.
 12191 | Gauntlet | Found a transporter.
 12193 | Gauntlet | Found a transporter.
 12199 | Gauntlet | Noticed an apocalypse crab
 12203 | Gauntlet | Found a transporter.
 12237 | Gauntlet | Noticed a torpor snail
 12238 | Gauntlet | Noticed a four-headed hydra
 12247 | Gauntlet | Found a transporter.
 12247 | Gauntlet | Found a transporter.
 12251 | Gauntlet | Noticed a torpor snail
 12294 | Gauntlet | Found a transporter.
 12296 | Gauntlet | Found a transporter.
 12304 | Gauntlet | Found a transporter.
 12553 | Gauntlet | Reached XP level 11. HP: 99/99 MP: 10/10
 12556 | Gauntlet | Reached skill level 10 in Fighting
 12757 | Gauntlet | Identified the +0 hat "Mabibiesk" {Str-5 Int+5 Dex+2}
 12786 | Gauntlet | Noticed a minotaur
 12797 | Gauntlet | HP: 3/148 [minotaur (7)]
 12797 | Gauntlet | Mangled by a minotaur

Illustrated notes

Levels and vault maps discovered:
D:1:      sevenhm_arrival_forest_fort_large_4, layout_basic
D:2:      layout_basic, shapermc_ecumenical_altar_mp_vishouse, minmay_unequal,
          uniq_crazy_yiuf_cottage, uniq_sigmund
D:3:      layout_loops_ring, tgw_kikubaaqudgha, ashenzari_altar_1,
          lightli_sewer_entry_pipes, eino_tiny_chamber, minmay_fractal_squares_5
D:4:      layout_rooms, nicolae_tso_swordbearing_angel, temple_doors_e
D:5:      layout_basic, fedhas_bush_and_centaur_altar, lemuel_doored_altar,
          uniq_prince_ribbit1, uniq_ijyb, uniq_blork_the_orc
D:6:      wad_lake_hut, layout_layer_cave, uniq_eustachio, uniq_pikel,
          uniq_grinder
D:7:      layout_basic, nicolae_ru_sacrificial_ziggurat, general_overflow_altar,
          nrook_mini_backslash
D:8:      layout_rooms, gammafunk_ghost_spectres
D:9:      layout_cave_pools, mainiacjoe_overflow_brackets, david_orc_5
D:12:     layout_cross, nicolae_trove_entry_columns, beargit_elvish_explorers,
          uniq_snorg
D:13:     layout_loops_ring, skrybe_vaults_entry_preservation,
          gauntlet_entry_generic, serial_bayou, serial_bayou_pond_c,
          serial_bayou_shore_a, serial_bayou_pond_d, serial_bayou_shore_b
Temple:   nicolae_temple_god_jail
Gauntlet: gammafunk_gauntlet_hard_choice [gammafunk_gauntlet_arena_chambers,
          nicolae_gauntlet_arena_x, gammafunk_gauntlet_arena_split_x,
          nicolae_gauntlet_swirl, nicolae_gauntlet_arena_grate_2,
          nicolae_gauntlet_arena_flowing_pool,
          dreamdust_gauntlet_exit_labyrinth]

Skill      XL: |  1  2  3  4  5  6  7  8  9 10 11 |
---------------+----------------------------------+-----
Fighting       | 4 5 6 7 8 9 10 | 10.0
Axes           | 4 5 6 8 9 11 13 | 13.4
Armour         | 3 4 5 6 7 9 |  9.4
Dodging        | 3 4 6 7 8 |  8.7

Action                   |  1- 3 |  4- 6 |  7- 9 | 10-12 || total
-------------------------+-------+-------+-------+-------++-------
Melee: Hand axe          |    54 |   151 |    30 |       ||   235
       Headbutt          |     8 |    26 |    49 |    30 ||   113
       War axe           |       |       |   191 |    31 ||   222
       Battleaxe         |       |       |       |    87 ||    87
Invok: Berserk           |     1 |     3 |     8 |     5 ||    17
       Trog's Hand       |       |       |     1 |     4 ||     5
  Use: Scroll            |       |     6 |     7 |     2 ||    15
       Potion            |       |       |     1 |     2 ||     3
 Stab: Sleeping          |     1 |       |       |       ||     1
Armor: Animal skin       |     9 |       |       |       ||     9
       Scale mail        |     7 |    76 |    66 |     9 ||   158
       Plate armour      |       |       |       |    65 ||    65
Dodge: Dodged            |    35 |    95 |   178 |    73 ||   381

Table legend: (Time is in decaauts)
 A = Elapsed time spent in this place.
 B = Non-inter-level travel time spent in this place.
 C = Inter-level travel time spent in this place.
 D = Time resting spent in this place.
 E = Time spent auto-exploring this place.
 F = Levels seen in this place.
 G = Mean time per level.
                   A        B        C        D        E       F      G
               +--------+--------+--------+--------+--------+-----+--------+
         Total |  13021 |  12584 |    437 |   4047 |   6684 |  14 |  930.1 |
       Dungeon |  11992 |  11567 |    425 |   3692 |   6365 |  11 | 1090.2 |
        Temple |     47 |     35 |     12 |      0 |     24 |   1 |   47.0 |
         Sewer |    319 |    319 |      0 |    135 |    119 |   1 |  319.0 |
      Gauntlet |    662 |    662 |      0 |    220 |    176 |   1 |  662.0 |
               +--------+--------+--------+--------+--------+-----+--------+

Top non-repeatable levels by time:
     D:3: 2374 daAuts
     D:6: 2350 daAuts
     D:7: 1551 daAuts
     D:2: 1485 daAuts
     D:5: 1303 daAuts
     D:1: 1124 daAuts
     D:4: 975 daAuts
Gauntlet: 662 daAuts
     D:8: 536 daAuts
   Sewer: 319 daAuts
    D:13: 169 daAuts
    D:12: 120 daAuts
  Temple: 47 daAuts
